 Dungeon Crawl Stone Soup version 0.29.1-12-g30fa7ad0bf (webtiles) character file.

Game seed: 16056557479478600549

332 GeoRichter the Shooter (level 6, -1/38 HPs)
             Began as a Kobold Hunter on Dec 13, 2022.
             Slain by a black bear (3 damage)
             ... on level 4 of the Dungeon.
             The game lasted 00:03:39 (2816 turns).

GeoRichter the Shooter (Kobold Hunter)              Turns: 2816, Time: 00:03:40

Health: -1/38      AC:  5    Str:  8    XL:     6   Next: 82%
Magic:  0/6        EV: 14    Int: 10    God:
Gold:   230        SH:  0    Dex: 21    Spells: 5/5 levels left

rFire   . . .      SeeInvis .   a - +0 shortbow
rCold   . . .      Faith    .   (shield currently unavailable)
rNeg    . . .      Spirit   +   s - +0 ring mail of the Arcane {rElec}
rPois   .          Reflect  .   (no helmet)
rElec   +          Harm     .   (no cloak)
rCorr   .          Rampage  .   (no gloves)
Will    .....                   (no boots)
Stlth   +++.......              j - amulet of guardian spirit
HPRegen 0.12/turn               (no ring)
MPRegen 0.10/turn               (no ring)

@: mighty
A: small, no large weapons, nightstalker 3
a: no special abilities


You were on level 4 of the Dungeon.
You visited 1 branch of the dungeon, and saw 4 of its levels.

You collected 230 gold pieces.

Inventory:

Hand Weapons
 a - a +0 shortbow (weapon)
Armour
 s - the +0 ring mail of the Arcane (worn) {rElec}
   (You found it on level 4 of the Dungeon)

   rElec:     It insulates you from electricity.
Jewellery
 j - an amulet of guardian spirit (around neck)
   (You found it on level 2 of the Dungeon)
Wands
 p - a wand of quicksilver (8)
   (You found it on level 3 of the Dungeon)
 q - a wand of polymorph (8)
   (You took it off Grinder on level 3 of the Dungeon)
Scrolls
 b - a scroll of immolation {!r}
 e - a scroll of blinking {unknown}
 f - a scroll of enchant weapon {unknown}
 g - 3 scrolls of identify {unknown}
 h - a scroll of enchant armour {unknown}
 k - a scroll of brand weapon {unknown}
 l - a scroll of vulnerability {unknown}
 n - a scroll of noise {unknown}
 r - 2 scrolls of poison {unknown}
Potions
 d - 7 potions of might
 i - 2 potions of heal wounds {unknown}
 m - 2 potions of invisibility {unknown}
 o - 2 potions of curing {unknown}


   Skills:
 + Level 3.8 Fighting
 * Level 7.5 Ranged Weapons
 + Level 0.0 Armour
 + Level 4.1 Dodging
 + Level 4.1 Stealth


You had 5 spell levels left.
You didn't know any spells.
Your spell library contained the following spells:

 Spells                   Type           Power      Damage    Failure   Level
 Borgnjor's Revivificati  Necr           0%         N/A       100%        8
 Necromutation            Tmut/Necr      0%         N/A       100%        8
 Death's Door             Necr           0%         N/A       100%        9


Dungeon Overview and Level Annotations

Branches:
Dungeon (4/15) Zot: 21143
 Temple: D:4-7

Altars:


Innate Abilities, Weirdness & Mutations

You are small and have problems with some larger weapons.
You are completely attuned to the shadows.


Message History

The black bear claws you. The black bear closely misses you.
The black bear misses you. The black bear barely misses you.
You shoot an arrow.
The arrow completely misses the black bear.
The black bear barely misses you.
The black bear claws you but does no damage.
The black bear claws you. The black bear closely misses you. x3
The black bear bites you. The black bear barely misses you. x2
You shoot an arrow.
The arrow hits the black bear but does no damage.
The black bear barely misses you. The black bear claws you. x2
You shoot an arrow.
The arrow closely misses the black bear.
The black bear misses you. The black bear closely misses you.
The black bear misses you. The black bear bites you. The black bear claws you.
* * * LOW HITPOINT WARNING * * *
The black bear closely misses you.
Fire: a) +0 shortbow
Aim: a black bear (almost dead, berserk, 72% to hit)
You shoot an arrow.
The arrow hits the black bear but does no damage.
The black bear completely misses you. The black bear misses you.
The black bear closely misses you.
An adder comes into view.
The black bear bites you!
* * * LOW HITPOINT WARNING * * *
The black bear claws you but does no damage.
The black bear closely misses you.
Fire: a) +0 shortbow
Aim: a black bear (almost dead, berserk, 72% to hit)
You shoot an arrow.
The arrow hits the black bear but does no damage.
The black bear misses you. The black bear closely misses you.
The black bear barely misses you. The black bear misses you.
The black bear claws you.
* * * LOW HITPOINT WARNING * * *
The black bear claws you.
* * * LOW HITPOINT WARNING * * *
Fire: a) +0 shortbow
Aim: a black bear (almost dead, berserk, 72% to hit)
You shoot an arrow. The arrow hits the black bear.
The black bear barely misses you. The black bear closely misses you. x2
The adder completely misses you. The black bear completely misses you.
The black bear closely misses you. The black bear claws you.
* * * LOW HITPOINT WARNING * * *
The adder barely misses you.
It was a potion of might.
You feel very mighty all of a sudden. The black bear bites you.
You die...

#.# #.# #.#
#.####
##.#######.....
#..............
#..############
#..# #..#
####).# ...h@.#
...S(## ######


You could see a black bear (berserk) and an adder.

Vanquished Creatures
  Grinder (D:3)
  An orc priest (D:3)
  4 adders
  2 dart slugs
  3 orcs (D:3)
  4 endoplasms (D:2)
  2 giant cockroaches
  7 goblins
  3 hobgoblins
  4 jackals (D:3)
  3 quokkas
  10 ball pythons
  4 bats
  5 frilled lizards
  8 kobolds
  2 rats
63 creatures vanquished.

Notes
Turn   | Place    | Note
-------+----------+-------------------------------------------
     0 | D:1      | GeoRichter the Kobold Hunter began the quest for the Orb.
     0 | D:1      | Reached XP level 1. HP: 12/12 MP: 1/1
   237 | D:1      | Reached XP level 2. HP: 18/18 MP: 2/2
   541 | D:1      | Found a faded altar of an unknown god.
  1180 | D:1      | Reached XP level 3. HP: 22/22 MP: 3/3
  1508 | D:2      | Reached skill level 6 in Ranged Weapons
  1513 | D:2      | Reached XP level 4. HP: 27/27 MP: 4/4
  1998 | D:3      | Reached XP level 5. HP: 32/32 MP: 5/5
  2293 | D:3      | Noticed Grinder
  2306 | D:3      | Paralysed by Grinder for 2 turns
  2308 | D:3      | Killed Grinder
  2309 | D:3      | Reached skill level 7 in Ranged Weapons
  2309 | D:3      | Reached XP level 6. HP: 38/38 MP: 6/6
  2757 | D:4      | Identified the +0 ring mail of the Arcane {rElec}
  2805 | D:4      | Noticed a black bear
  2816 | D:4      | Slain by a black bear

Illustrated notes

Levels and vault maps discovered:
D:1:      zelgadis_glass_arrival_large, layout_basic,
          ebering_ecumenical_altar_box, minmay_tree_intersection
D:2:      layout_basic
D:3:      layout_rooms, uniq_grinder
D:4:      layout_loops_ring, minmay_temple_entry_mist, uniq_ijyb

Skill      XL: |  1  2  3  4  5 |
---------------+----------------+-----
Stealth        | 2 3 4 |  4.1
Dodging        | 3 4 |  4.1
Ranged Weapons | 6 7 |  7.5
Fighting       | 3 |  3.8

Action                   |  1- 3 |  4- 6 || total
-------------------------+-------+-------++-------
 Fire: Shortbow          |    76 |    83 ||   159
  Use: Scroll            |       |     1 ||     1
       Potion            |       |     1 ||     1
Armor: Leather armour    |    10 |     6 ||    16
       Skin              |       |     1 ||     1
       Ring mail         |       |     3 ||     3
Dodge: Dodged            |    34 |    53 ||    87
